AoeStats
← Stivigi

MegaRandom

509869745Analyzed
2v2 RM · 5d ago on Sep 28, 2026· 61m 0s· 4 players
Game mode
Random Map
Map size
Medium (4 player)
Population
200
Speed
Normal
Resources
Standard
Victory
Conquest
Starting age
Dark Age
Ending age
Imperial Age
RankedLock teamsTeams togetherTeam positionsShared explorationLock speedFull tech treeHidden civsTurbo modeCheats
Victory
Defeat
🇱🇧 Italians · Lebanon
1072
+17
🇱🇧 Malay · Lebanon
1047
+18
🇫🇷 Khmer · France
1118
-18
🇰🇿 Franks · Kazakhstan
1085
-17
botik
3:59 Loom
12:41 Feudal Age
14:04 Wheelbarrow
15:18 Town Watch
16:26 Forging
18:29 Fishing Lines
24:09 Castle Age
23:38 Fletching
23:43 Gold Mining
23:45 Stone Mining
25:03 Gillnets
25:37 Medium Warships
25:37 Bodkin Arrow
30:10 Padded Archer Armor
30:53 Double-Bit Axe
31:55 Gold Shaft Mining
32:57 Hand Cart
33:32 Leather Archer Armor
33:23 Scale Mail Armor
37:35 Ballistics
37:06 Ordonnance Companies
40:52 Chain Mail Armor
41:12 Iron Casting
44:29 Imperial Age
42:53 Elite Skirmisher
44:38 Cranequins
44:54 Heavy Mounted Crossbowman
46:44 Cavalier
47:24 Husbandry
49:04 Scale Barding Armor
50:21 Blast Furnace
51:16 Husbandry
51:06 Paladin
52:57 Chain Barding Armor
54:50 Plate Barding Armor
54:34 Light Cavalry
KissMyAxe
11:52 Feudal Age
15:18 Loom
18:58 Castle Age
17:24 Double-Bit Axe
21:34 Wheelbarrow
20:58 Gold Mining
21:19 Bow Saw
21:39 Pikeman
25:33 Hand Cart
26:03 Scale Mail Armor
25:53 Fletching
26:11 Horse Collar
28:21 Bodkin Arrow
30:56 Padded Archer Armor
31:01 Heavy Plow
32:50 Ballistics
37:48 Imperial Age
38:29 Gold Shaft Mining
38:02 Heavy Scorpion
38:45 Bracer
39:47 Chemistry
39:26 Elite Ballista Elephant
40:21 Elite Cannon Galleon
41:53 Elite Skirmisher
42:51 Leather Archer Armor
43:01 Cavalier
50:05 Halberdier
59:00 Bloodlines
La pomme1
10:14 Loom
12:25 Feudal Age
17:28 Castle Age
16:46 Fletching
20:09 Double-Bit Axe
20:08 Horse Collar
24:10 Thumb Ring
26:47 Wheelbarrow
26:42 Heavy Plow
28:13 Bow Saw
30:24 Bloodlines
30:16 Husbandry
30:37 Gold Mining
30:53 Town Watch
35:22 Imperial Age
35:38 Elite Genoese Crossbowman
36:39 Conscription
36:22 Stone Mining
37:05 Crop Rotation
37:37 Two-Man Saw
37:28 Hand Cart
37:39 Ballistics
38:28 Bodkin Arrow
38:33 Padded Archer Armor
41:05 Bracer
41:21 Leather Archer Armor
41:12 Scale Barding Armor
41:17 Forging
45:20 Chemistry
43:47 Cavalier
45:52 Ring Archer Armor
46:50 Town Patrol
49:11 Iron Casting
48:57 Chain Barding Armor
Stivigi
11:23 Loom
13:27 Feudal Age
13:16 Double-Bit Axe
15:43 Horse Collar
18:02 Forging
21:05 Castle Age
21:08 Medium Warships
21:34 Iron Casting
23:34 Bow Saw
28:22 Pikeman
29:12 Fletching
29:54 Town Watch
35:18 Wheelbarrow
36:20 Heavy Plow
36:11 Gold Mining
38:57 Imperial Age
36:11 Crossbowman
38:21 Hand Cart
39:44 Chemistry
43:04 Bodkin Arrow
45:06 Squires
44:26 Halberdier
44:59 Heavy Scorpion
47:51 Bracer
51:52 Blast Furnace
50:57 Scale Barding Armor
50:54 Husbandry
50:17 Elite Battle Elephant
59:09 Conscription
60:01 Ballistics
Connection lost

Rejoining the realm…

Still unreachable

The connection could not be restored.

Session expired

The server has moved on; the page needs a fresh start.